Map: Paladino Terminal LE

Players

MaSa - Winner!

  • Race: Terran Terran
  • Spawn Location: 5:00

ViBE

  • Race: Zerg Zerg
  • Spawn Location: 9:00

Event: WCS Austin 2017

VOD

Have the link to the VOD?

Description

Time

  • Played on: April 28, 2017, 4:34 p.m.
  • Length: 8:04

All games in this series

Show
View Real Time Build Order
Export as new Build Order

MaSa Terran - Winner!

Build Orders:  

Get SALT Encoding   

  12  0:00  SCV  
  13  0:13  SCV  
  14  0:18  Supply Depot  
  14  0:25  SCV  
  15  0:39  SCV  
  15  0:41  Barracks  
  16  0:45  Refinery  
  16  0:51  SCV  
  17  1:01  Barracks  
  17  1:06  SCV  
  18  1:18  SCV  
  19  1:23  Barracks  
  19  1:28  Reaper  
  20  1:35  Refinery  
  20  1:47  Orbital Command  
  20  1:51  Reaper  
  21  2:00  Supply Depot  
  21  2:05  Reaper  
  22  2:13  Reaper  
  23  2:22  SCV  
  24  2:23  Reaper  
  24  2:27  Supply Depot  
  25  2:34  SCV  
  26  2:37  Reaper  
  27  2:45  Reaper  
  27  2:49  SCV  
  29  2:56  Supply Depot, Reaper  
  30  3:01  SCV  
  31  3:10  Supply Depot  
  31  3:13  Supply Depot  
  31  3:18  Reaper  
  31  3:25  SCV  
  31  3:32  Reaper x2  
  33  3:34  Supply Depot  
  27  3:49  SCV  
  27  3:53  Reaper  
  28  4:02  SCV  
  29  4:10  Reaper  
  30  4:22  Reaper  
  31  4:27  SCV  
  31  4:29  Reaper  
  33  4:39  SCV  
  33  4:42  Reaper  
  33  4:53  SCV  
  34  5:00  Reaper  
  34  5:05  SCV  
  33  5:11  Reaper  
  34  5:19  Reaper  
  36  5:21  SCV  
  36  5:28  Command Center  
  36  5:30  Barracks  
  36  5:32  Barracks  
  36  5:34  Reaper  
  37  5:36  SCV  
  38  5:43  Reaper  
  38  5:48  SCV  
  40  5:51  Reaper  
  41  6:00  SCV  
  42  6:06  Reaper  
  42  6:12  SCV  
  42  6:16  Reaper  
  44  6:20  Reaper  
  44  6:21  Refinery  
  44  6:23  Reaper  
  44  6:24  SCV  
  44  6:25  Refinery  
  47  6:28  Reaper  
  48  6:36  SCV  
  48  6:38  Reaper  
  47  6:42  Orbital Command  
  46  6:48  Reaper, SCV  
  46  6:52  Reaper  
  49  6:55  Reaper  
  49  6:59  Barracks x2  
  49  7:00  SCV  
  51  7:11  Marine, SCV  
  51  7:12  Marine, SCV  
  55  7:22  Marine  
  55  7:24  Marine  
  55  7:27  Marine  
  54  7:31  Marine x2  
  52  7:40  Marine  
  52  7:42  Marine  
  50  7:45  Marine  
Show
View Real Time Build Order
Export as new Build Order

ViBE Zerg 

Build Orders: Pool First, Ravager All-In 

Get SALT Encoding   

  12  0:19  Spawning Pool  
  11  0:23  Drone  
  12  0:29  Drone  
  12  0:33  Drone  
  14  0:43  Drone, Extractor  
  14  0:47  Drone, Extractor  
  14  0:59  Overlord  
  14  1:09  Roach Warren  
  13  1:13  Drone  
  14  1:24  Drone  
  15  1:48  Roach  
  15  1:49  Roach x2  
  21  1:59  Overlord  
  21  2:17  Queen  
  21  2:21  Roach  
  25  2:23  Roach  
  25  2:28  Ravager x2  
  29  2:39  Ravager  
  29  2:42  Overlord  
  30  3:10  Drone  
  30  3:11  Drone  
  30  3:12  Drone  
  33  3:13  Ravager  
  33  3:14  Ravager  
  35  3:30  Overlord  
  32  3:50  Roach  
  32  3:51  Roach x3  
  31  4:04  Roach x2  
  32  4:11  Ravager x2  
  32  4:16  Drone x3  
  37  4:29  Roach  
  39  4:36  Ravager  
  39  4:38  Drone  
  38  4:45  Drone x2  
  35  5:03  Roach x3  
  35  5:04  Ravager  
  37  5:10  Roach x3  
  38  5:29  Extractor  
  37  5:44  Roach x3, Hatchery  
  42  5:55  Roach x2  
  42  6:14  Roach x2  
  46  6:45  Overlord  
  46  6:46  Overlord  
  46  6:55  Queen  
  46  7:00  Roach x2  
  45  7:09  Ravager x4  
Tags
 
Add a new tag
Caveats
  • Supply blocks, unpowered buildings, or Contaminate may cause inaccurate times.
  • Supply counts are checked every 10 seconds.